 Dungeon Crawl Stone Soup version 0.29.1-15-g9cfb28693d (webtiles) character file.

Game seed: 5800512608499097609

219 dudediamond6 the Sneak (level 5, 0/36 HPs)
             Began as an Octopode Brigand on Feb 24, 2023.
             Succumbed to an orc's poison
             ... on level 3 of the Dungeon.
             The game lasted 00:03:19 (1851 turns).

dudediamond6 the Sneak (Octopode Brigand)           Turns: 1851, Time: 00:03:19

Health: 0/36       AC:  1    Str: 10    XL:     5   Next: 96%
Magic:  5/5        EV: 12    Int: 14    God:
Gold:   34         SH:  0    Dex: 15    Spells: 4/4 levels left

rFire   . . .      SeeInvis .   l - +2 short sword (venom)
rCold   . . .      Faith    .   (no shield)
rNeg    . . .      Spirit   .   (helmet restricted)
rPois   .          Reflect  .   (no amulet)
rElec   .          Harm     .   (no ring)
rCorr   .          Rampage  .   (no ring)
Will    .....                   (no ring)
Stlth   +++++.....              (no ring)
HPRegen 0.12/turn               (no ring)
MPRegen 0.09/turn               (no ring)
                                (no ring)
                                (no ring)

@: lethally poisoned (0 -> -2)
A: almost no armour, amphibious, 8 rings, camouflage 1, gelatinous body 1,
(nimble swimmer 1), tentacles
a: no special abilities


You were on level 3 of the Dungeon.
You visited 1 branch of the dungeon, and saw 3 of its levels.

You collected 34 gold pieces.

Inventory:

Hand Weapons
 a - a +2 dagger
 l - a +2 short sword of venom (weapon)
Missiles
 b - 12 poisoned darts (quivered)
 c - 3 curare-tipped darts
Scrolls
 d - a scroll of vulnerability {unknown}
 e - 6 scrolls of identify {unknown}
 g - a scroll of poison {unknown}
 j - a scroll of silence {unknown}
Potions
 f - 2 potions of degeneration {unknown}
 h - 3 potions of curing {unknown}
 i - a potion of heal wounds {unknown}
 k - a potion of might {unknown}


   Skills:
 * Level 3.0 Fighting
 * Level 3.6 Short Blades
 - Level 2.0 Throwing
 - Level 1.0 Dodging
 + Level 7.9 Stealth


You had 4 spell levels left.
You didn't know any spells.
Your spell library was empty.

Dungeon Overview and Level Annotations

Branches:
Dungeon (3/15)

Altars:

Annotations:
D:2 1 runed translucent door, Crazy Yiuf


Innate Abilities, Weirdness & Mutations

You cannot wear most types of armour.
You are amphibious.
You can wear up to eight rings at the same time.
Your skin changes colour to match your surroundings (Stealth+).
Your rubbery body absorbs attacks. (AC +1, EV +1)
((You are camouflaged when in or above water. (Stealth+)))
You have tentacles for arms and can constrict up to eight enemies at once.


Message History

You constrict the orc.
The orc hits you with a +2 short sword of venom.
You are poisoned.
You completely miss the orc.
You tentacle-slap the orc, but do no damage.
The orc is moderately wounded.
You constrict the orc.
You feel very sick. The orc misses you.
You hit the orc. You squeeze the orc.
You kill the orc!
You feel very sick.
You feel sick. The orc barely misses you.
Things that are here:
a +2 short sword of venom; a +0 ring mail; an orc corpse You barely miss the orc.
You grab the orc. You constrict the orc.
You feel sick. The orc hits you with a +0 short sword.
You are too injured to fight recklessly!
You are too injured to fight recklessly!
You are too injured to fight recklessly!
You are too injured to fight recklessly!
l - a +2 short sword of venom You constrict the orc, but do no damage.
You feel sick. The orc hits you with a +0 short sword.
Your +2 short sword of venom begins to drip with poison!
l - a +2 short sword of venom (weapon)
You constrict the orc, but do no damage.
You feel sick. The orc hits you with a +0 short sword.
* * * LOW HITPOINT WARNING * * *
You are too injured to fight recklessly!
You hit the orc but do no damage.
The orc is poisoned.
The orc is lightly wounded.
You constrict the orc.
You feel sick. The orc hits you with a +0 short sword.
* * * LOW HITPOINT WARNING * * *
You hit the orc.
You kill the orc!
* * * LOW HITPOINT WARNING * * *
You feel sick.
You barely miss the orc. Your grab misses the orc.
You die...

#######...# #.......#.####
##.......# . ##..###...# #.
#..## ##..####### ##..#
#####.## #.........
....:.#.....# ##.#####..
#......###########.## #.#
......#...@o.oo...#... #..
##.##.###########.###.###..
# # ..[....... #####.#...
#..... #####...## #..<....#
#.....†.####..# ..#######
#....


You could see an orc wizard and 2 orcs.

Vanquished Creatures
  Sigmund (D:2)
  2 adders (D:2)
  A dart slug (D:2)
  2 orcs (D:3)
  4 endoplasms
  3 giant cockroaches
  A goblin (D:1)
  A hobgoblin (D:1)
  4 quokkas
  7 ball pythons
  6 bats
  6 frilled lizards
  5 kobolds
  5 rats
48 creatures vanquished.

Notes
Turn   | Place    | Note
-------+----------+-------------------------------------------
     0 | D:1      | dudediamond6 the Octopode Brigand began the quest for the
                  | Orb.
     0 | D:1      | Reached XP level 1. HP: 14/14 MP: 1/1
   172 | D:1      | Reached XP level 2. HP: 18/19 MP: 2/2
   325 | D:1      | Reached skill level 6 in Stealth
   603 | D:2      | Reached XP level 3. HP: 23/24 MP: 3/3
   890 | D:2      | HP: 1/25 [poisoned by an adder]
  1325 | D:2      | Found a faded altar of an unknown god.
  1328 | D:2      | Noticed Sigmund
  1346 | D:2      | Killed Sigmund
  1347 | D:2      | Reached skill level 7 in Stealth
  1347 | D:2      | Reached XP level 4. HP: 29/31 MP: 4/4
  1347 | D:2      | Reached XP level 5. HP: 34/36 MP: 5/5
  1408 | D:2      | Identified the +1 ring mail of Ujuu {rElec rC+ Will+}
  1607 | D:2      | Found a runed translucent door.
  1608 | D:2      | Noticed Crazy Yiuf
  1850 | D:3      | HP: 1/36 [poisoned by an orc]
  1851 | D:3      | Succumbed to an orc's poison

Illustrated notes

Levels and vault maps discovered:
D:1:      sevenhm_arrival_forest_fort_small_3, layout_basic
D:2:      layout_rooms, nicolae_ecumenical_oubliette, feat_on_display,
          uniq_sigmund, uniq_crazy_yiuf_cottage
D:3:      layout_rooms, lemuel_blue_sif_altar, serial_shops,
          nicolae_shop_statue_plus

Skill      XL: |  1  2  3 |
---------------+----------+-----
Stealth        | 6 7 |  7.9
Fighting       | 3 |  3.0
Short Blades   | 3 |  3.6
Throwing       | |  2.0
Dodging        | |  1.0

Action                   |  1- 3 |  4- 6 || total
-------------------------+-------+-------++-------
Melee: Dagger            |    55 |    18 ||    73
       Constrict         |    11 |     4 ||    15
       Tentacles         |     4 |     3 ||     7
       Short sword       |       |     3 ||     3
       Punch             |       |     1 ||     1
 Stab: Sleeping          |    20 |     7 ||    27
Armor: Skin              |     3 |       ||     3
Dodge: Dodged            |    22 |     5 ||    27
